3AAA
SIOUX FALLS RED PANDAS @ BRINKLEY BELUGAS
08/02/2025
 
TOP OF THE 1ST
Sioux Falls Red Pandas batting - Pitching for Brinkley Belugas : LHP Myles Wilkerson
Pitching: LHP Myles Wilkerson
Batting: RHB Emílio Ortíz 0-0: Ground out 1-3 (Groundball, 13)
Batting: RHB Jesús Vásquez 0-0: Swinging Strike
0-1: Called Strike
0-2: Ball
1-2: Ground out 6-3 (Groundball, 6)
Batting: LHB Armando Becerra 0-0: Called Strike
0-1: Fly out, F7 (Flyball, 7)
Top of the 1st over - 0 run(s), 0 hit(s), 0 error(s), 0 left on base; Sioux Falls 0 - Brinkley 0
BOTTOM OF THE 1ST
Brinkley Belugas batting - Pitching for Sioux Falls Red Pandas : RHP Raúl Gálvez
Pitching: RHP Raúl Gálvez
Batting: RHB Randy Tucker 0-0: Ball
1-0: Ball
2-0: Called Strike
2-1: Foul Ball, location: 2F
2-2: Ball
3-2: Foul Ball, location: 2F
3-2: Base on Balls
Batting: RHB Jay Kidd 0-0: Ball
1-0: Ball
2-0: Grounds into double play, 4-6-3 (Groundball, 4)
Batting: RHB Reggie Kahn 0-0: Ball
1-0: Foul Ball, location: 2F
1-1: Foul Ball, location: 2F
1-2: Ball
2-2: Foul Ball, location: 2F
2-2: Ball
3-2: Fly out, F4 (Popup, 3D)
Bottom of the 1st over - 0 run(s), 0 hit(s), 0 error(s), 0 left on base; Sioux Falls 0 - Brinkley 0
TOP OF THE 2ND
Sioux Falls Red Pandas batting - Pitching for Brinkley Belugas : LHP Myles Wilkerson
Batting: LHB David Martínez 0-0: Swinging Strike
0-1: Ball
1-1: Ball
2-1: Ground out 6-3 (Groundball, 6)
Batting: LHB Magali Lenidas 0-0: Foul Ball, location: 2F
0-1: Fly out, F8 (Flyball, 89XD)
Batting: RHB Eduardo Sánchez 0-0: Foul Ball, location: 2F
0-1: Swinging Strike
0-2: Foul Ball, location: 2F
0-2: Strikes out swinging
Top of the 2nd over - 0 run(s), 0 hit(s), 0 error(s), 0 left on base; Sioux Falls 0 - Brinkley 0
BOTTOM OF THE 2ND
Brinkley Belugas batting - Pitching for Sioux Falls Red Pandas : RHP Raúl Gálvez
Batting: LHB Eric Porter 0-0: Ball
1-0: Ground out 4-3 (Groundball, 4MD)
Batting: RHB Steve Jones 0-0: Ball
1-0: Called Strike
1-1: Ball
2-1: Foul Ball, location: 2F
2-2: Ball
3-2: Strikes out swinging
Batting: RHB Jason Weston 0-0: Called Strike
0-1: Called Strike
0-2: Strikes out swinging
Bottom of the 2nd over - 0 run(s), 0 hit(s), 0 error(s), 0 left on base; Sioux Falls 0 - Brinkley 0
TOP OF THE 3RD
Sioux Falls Red Pandas batting - Pitching for Brinkley Belugas : LHP Myles Wilkerson
Batting: SHB Tsing Guao 0-0: Called Strike
0-1: Foul Ball, location: 2F
0-2: Foul Ball, location: 2F
0-2: Ball
1-2: Strikes out swinging
Batting: SHB Todd Hill 0-0: Ball
1-0: Foul Ball, location: 2F
1-1: Called Strike
1-2: Fly out, F3 (Popup, 3L)
Batting: SHB Carroll Kline 0-0: Ball
1-0: Swinging Strike
1-1: Called Strike
1-2: Foul Ball, location: 2F
1-2: Foul Ball, location: 2F
1-2: Strikes out swinging
Top of the 3rd over - 0 run(s), 0 hit(s), 0 error(s), 0 left on base; Sioux Falls 0 - Brinkley 0
BOTTOM OF THE 3RD
Brinkley Belugas batting - Pitching for Sioux Falls Red Pandas : RHP Raúl Gálvez
Batting: SHB Noel King 0-0: Ball
1-0: Ball
2-0: Fly out, F8 (Flyball, 8LM)
Batting: RHB Parker Smith 0-0: Called Strike
0-1: Ball
1-1: Ground out 4-3 (Groundball, 34)
Batting: RHB Roberto Ramírez 0-0: Called Strike
0-1: Called Strike
0-2: Ground out 5-3 (Groundball, 56S)
Bottom of the 3rd over - 0 run(s), 0 hit(s), 0 error(s), 0 left on base; Sioux Falls 0 - Brinkley 0
TOP OF THE 4TH
Sioux Falls Red Pandas batting - Pitching for Brinkley Belugas : LHP Myles Wilkerson
Batting: RHB Emílio Ortíz 0-0: Called Strike
0-1: Swinging Strike
0-2: Fly out, F8 (Flyball, 8RXD)
Batting: RHB Jesús Vásquez 0-0: Called Strike
0-1: Foul Ball, location: 2F
0-2: Foul Ball, location: 2F
0-2: Ball
1-2: Strikes out swinging
Batting: LHB Armando Becerra 0-0: Foul Ball, location: 2F
0-1: Ball
1-1: Ball
2-1: Foul Ball, location: 2F
2-2: Foul Ball, location: 2F
2-2: Fly out, F3 (Line Drive, 3)
Top of the 4th over - 0 run(s), 0 hit(s), 0 error(s), 0 left on base; Sioux Falls 0 - Brinkley 0
BOTTOM OF THE 4TH
Brinkley Belugas batting - Pitching for Sioux Falls Red Pandas : RHP Raúl Gálvez
Batting: RHB Randy Tucker 0-0: Ball
1-0: Ball
2-0: SINGLE (Groundball, 6M) (infield hit)
Pitching: RHP Shao-qi Phan
Batting: RHB Jay Kidd 0-0: Ball
1-0: Called Strike
1-1: Ball
2-1: SINGLE (Groundball, 34D)
Randy Tucker to second
Runner from 2nd tries for 3rd, SAFE, throw made to third
Jay Kidd to second
Batting: RHB Reggie Kahn 0-0: Ball
1-0: Swinging Strike
1-1: Foul Ball, location: 2F
1-2: SINGLE (Groundball, 5S) (infield hit)
Randy Tucker scores
Jay Kidd to third
Batting: LHB Eric Porter 0-0: Ball
1-0: Foul Ball, location: 2F
1-1: Called Strike
1-2: Strikes out swinging
Batting: RHB Steve Jones 0-0: Called Strike
0-1: Called Strike
0-2: Foul Ball, location: 2F
0-2: Fly out, F7 (Line Drive, 7)
Runner from 3rd tags up, SCORES, throw made
Pitching: RHP Wyatt Meek
Batting: RHB Jason Weston 0-0: Ball
1-0: Foul Ball, location: 2F
1-1: Swinging Strike
1-2: Ball
2-2: Foul Ball, location: 2F
2-2: Ball
3-2: Fly out, F9 (Flyball, 9S)
Bottom of the 4th over - 2 run(s), 3 hit(s), 0 error(s), 1 left on base; Sioux Falls 0 - Brinkley 2
TOP OF THE 5TH
Sioux Falls Red Pandas batting - Pitching for Brinkley Belugas : LHP Myles Wilkerson
Batting: LHB David Martínez 0-0: Ball
1-0: Ball
2-0: Ball
3-0: Called Strike
3-1: Fly out, F7 (Line Drive, 7S)
Batting: LHB Magali Lenidas 0-0: Ball
1-0: Swinging Strike
1-1: SINGLE (Groundball, 4D)
Batting: RHB Eduardo Sánchez 0-0: Called Strike
0-1: Ball
1-1: 2-RUN HOME RUN (Line Drive, 7D), Distance : 378 ft
Batting: SHB Tsing Guao 0-0: Fly out, F7 (Flyball, 7S)
Batting: SHB Todd Hill 0-0: Ball
1-0: DOUBLE (Flyball, 78D)
Batting: SHB Carroll Kline 0-0: SINGLE (Groundball, 4D)
Todd Hill to third
Runner from 3rd tries for Home, SAFE, no throw
Batting: RHB Emílio Ortíz 0-0: Ball
1-0: Foul Ball, location: 2F
1-1: Fielders Choice at 2nd, 5-4 (Groundball, 56)
Top of the 5th over - 3 run(s), 4 hit(s), 0 error(s), 0 left on base; Sioux Falls 3 - Brinkley 2
BOTTOM OF THE 5TH
Brinkley Belugas batting - Pitching for Sioux Falls Red Pandas : RHP Wyatt Meek
Batting: SHB Noel King 0-0: Ball
1-0: Foul Ball, location: 2F
1-1: Ball
2-1: Ball
3-1: Ground out 4-3 (Groundball, 4)
Batting: RHB Parker Smith 0-0: Ball
1-0: Foul Ball, location: 2F
1-1: Ball
2-1: Ball
3-1: Base on Balls
Batting: RHB Roberto Ramírez 0-0: Called Strike
0-1: Ball
1-1: Ball
2-1: Ball
3-1: Called Strike
3-2: Fielders Choice at 2nd, 6-4 (Groundball, 6)
Batting: RHB Randy Tucker 0-0: Ball
1-0: Ball
2-0: Ball
3-0: Called Strike
3-1: Fly out, F7 (Flyball, 7)
Bottom of the 5th over - 0 run(s), 0 hit(s), 0 error(s), 1 left on base; Sioux Falls 3 - Brinkley 2
TOP OF THE 6TH
Sioux Falls Red Pandas batting - Pitching for Brinkley Belugas : LHP Myles Wilkerson
Batting: RHB Jesús Vásquez 0-0: Ball
1-0: Ground out 5-3 (Groundball, 5)
Batting: LHB Armando Becerra 0-0: Foul Ball, location: 2F
0-1: Ground out 4-3 (Groundball, 4)
Batting: LHB David Martínez 0-0: Foul Ball, location: 2F
0-1: Ball
1-1: Ground out 4-3 (Groundball, 34)
Top of the 6th over - 0 run(s), 0 hit(s), 0 error(s), 0 left on base; Sioux Falls 3 - Brinkley 2
BOTTOM OF THE 6TH
Brinkley Belugas batting - Pitching for Sioux Falls Red Pandas : RHP Wyatt Meek
Batting: RHB Jay Kidd 0-0: Called Strike
0-1: Called Strike
0-2: Strikes out swinging
Pitching: RHP Orlando Ángel
Batting: RHB Reggie Kahn 0-0: Ball
1-0: Swinging Strike
1-1: Ball
2-1: Ball
3-1: Called Strike
3-2: Base on Balls
Batting: LHB Eric Porter 0-0: Ball
1-0: Ball
2-0: Ball
3-0: Called Strike
3-1: Swinging Strike
3-2: Foul Ball, location: 2F
3-2: Base on Balls
Reggie Kahn to second
Batting: RHB Steve Jones 0-0: Ball
1-0: Ball
Reggie Kahn is caught stealing 3rd base
Eric Porter to second
2-0: Foul Ball, location: 2F
2-1: Called Strike
2-2: Ball
3-2: Strikes out looking
Bottom of the 6th over - 0 run(s), 0 hit(s), 0 error(s), 1 left on base; Sioux Falls 3 - Brinkley 2
TOP OF THE 7TH
Sioux Falls Red Pandas batting - Pitching for Brinkley Belugas : LHP Myles Wilkerson
Batting: LHB Magali Lenidas 0-0: Called Strike
0-1: Swinging Strike
0-2: Strikes out swinging
Batting: RHB Eduardo Sánchez 0-0: Ball
1-0: Ball
2-0: Called Strike
2-1: Fly out, F6 (Popup, 6M)
Batting: SHB Tsing Guao 0-0: Called Strike
0-1: Swinging Strike
0-2: Strikes out looking
Top of the 7th over - 0 run(s), 0 hit(s), 0 error(s), 0 left on base; Sioux Falls 3 - Brinkley 2
BOTTOM OF THE 7TH
Brinkley Belugas batting - Pitching for Sioux Falls Red Pandas : RHP Orlando Ángel
Batting: RHB Jason Weston 0-0: Ground out 5-3 (Groundball, 56)
Batting: SHB Noel King 0-0: Foul Ball, location: 2F
0-1: Ball
1-1: Swinging Strike
1-2: Ball
2-2: Foul Ball, location: 2F
2-2: Foul Ball, location: 2F
2-2: Foul Ball, location: 2F
2-2: Ball
3-2: Strikes out swinging
Batting: RHB Parker Smith 0-0: Ball
1-0: Swinging Strike
1-1: Fly out, F2 (Popup, 2L)
Bottom of the 7th over - 0 run(s), 0 hit(s), 0 error(s), 0 left on base; Sioux Falls 3 - Brinkley 2
TOP OF THE 8TH
Sioux Falls Red Pandas batting - Pitching for Brinkley Belugas : LHP Myles Wilkerson
Batting: SHB Todd Hill 0-0: Ball
1-0: Fly out, F9 (Flyball, 9S)
Batting: SHB Carroll Kline 0-0: Ball
1-0: Ball
2-0: Ground out 5-3 (Groundball, 5)
Batting: RHB Emílio Ortíz 0-0: Ball
1-0: Foul Ball, location: 2F
1-1: Called Strike
1-2: Strikes out swinging
Top of the 8th over - 0 run(s), 0 hit(s), 0 error(s), 0 left on base; Sioux Falls 3 - Brinkley 2
BOTTOM OF THE 8TH
Brinkley Belugas batting - Pitching for Sioux Falls Red Pandas : RHP Orlando Ángel
Now in LF: David Morales
Batting: RHB Roberto Ramírez 0-0: Ball
1-0: Ball
2-0: SINGLE (Groundball, 56D)
Batting: RHB Randy Tucker 0-0: Ball
1-0: Sac Bunt - play at second, runner OUT! 1-6
Pinch Hitting: RHB Kelly Harris 0-0: Ball
1-0: Swinging Strike
1-1: Ball
2-1: Swinging Strike
2-2: Ball
3-2: Ground out 5-3 (Groundball, 5L)
Randy Tucker to second
Pitching: RHP Guillermo Pérez
Batting: RHB Reggie Kahn 0-0: Ball
1-0: Ball
2-0: Foul Ball, location: 2F
2-1: Called Strike
2-2: Ground out 6-3 (Groundball, 6S)
Bottom of the 8th over - 0 run(s), 1 hit(s), 0 error(s), 1 left on base; Sioux Falls 3 - Brinkley 2
TOP OF THE 9TH
Sioux Falls Red Pandas batting - Pitching for Brinkley Belugas : LHP Myles Wilkerson
Pitching: RHP Steven Jones
Now at 2B: Iván Miranda
Batting: RHB Jesús Vásquez 0-0: Called Strike
0-1: Swinging Strike
0-2: Ball
1-2: Ball
2-2: Strikes out swinging
Batting: LHB Armando Becerra 0-0: Foul Ball, location: 2F
0-1: Fly out, F7 (Flyball, 78S)
Batting: LHB David Martínez 0-0: Swinging Strike
0-1: Foul Ball, location: 2F
0-2: SINGLE (Groundball, 34D)
Batting: LHB Magali Lenidas 0-0: Ball
1-0: Ball
2-0: Ball
3-0: Base on Balls
David Martínez to second
Batting: RHB Eduardo Sánchez 0-0: Ball
Wild Pitch!
David Martínez to third
Magali Lenidas to second
1-0: Called Strike
1-1: Foul Ball, location: 2F
1-2: Ball
2-2: Strikes out looking
Top of the 9th over - 0 run(s), 1 hit(s), 0 error(s), 2 left on base; Sioux Falls 3 - Brinkley 2
BOTTOM OF THE 9TH
Brinkley Belugas batting - Pitching for Sioux Falls Red Pandas : RHP Guillermo Pérez
Pitching: RHP Isei Sugimoto
Now at 2B: Landon Lovelace
Batting: LHB Eric Porter 0-0: Foul Ball, location: 2F
0-1: Ground out U3 (Groundball, 3L)
Pinch Hitting: RHB Brandon Cole 0-0: Foul Ball, location: 2F
0-1: Foul Ball, location: 2F
0-2: Foul Ball, location: 2F
0-2: Strikes out swinging
Batting: RHB Jason Weston 0-0: Ball
1-0: Foul Ball, location: 2F
1-1: Ground out 3-1 (Groundball, 34S)
Bottom of the 9th over - 0 run(s), 0 hit(s), 0 error(s), 0 left on base; Sioux Falls 3 - Brinkley 2
Friday, December 30th, 2016 - OOTP Baseball 17.12 Build 75